 Dungeon Crawl Stone Soup version 0.25-a0-613-gf4b266557c (webtiles) character file.

Game seed: 13857781974493302144, levelgen mode: deterministic

4152 placeholdermk1 the Carver (level 10, -1/86 HPs)
             Began as a Minotaur Fighter on Mar 17, 2020.
             Was a Priest of Qazlal.
             Succumbed to a killer bee's poison
             ... on level 8 of the Dungeon.
             The game lasted 00:36:21 (7314 turns).

placeholdermk1 the Carver (Minotaur Fighter)        Turns: 7314, Time: 00:36:22

Health: -1/86      AC: 15    Str: 23    XL:     10   Next: 7%
Magic:  20/20      EV:  7    Int:  5    God:    Qazlal [***...]
Gold:   432        SH:  4    Dex: 11    Spells: 9/9 levels left

rFire    . . .     SeeInvis .   s - +0 great sword
rCold    . . .     Gourm    .   (shield currently unavailable)
rNeg     . . .     Faith    +   G - +0 plate armour
rPois    .         Spirit   .   (helmet restricted)
rElec    .         Reflect  .   j - scarf {cloud immunity}
rCorr    .         Harm     .   (no gloves)
MR       .....                  r - +0 pair of boots
Stlth    ..........             m - amulet of faith
HPRegen  0.24/turn              F - ring of magical power
MPRegen  0.17/turn              (no ring)

@: lethally poisoned (-1 -> -28)
A: retaliatory headbutt, horns 2
a: Upheaval, Elemental Force, Renounce Religion


You were on level 8 of the Dungeon.
You worshipped Qazlal.
Qazlal was most pleased with you.
You were not hungry.

You visited 1 branch of the dungeon, and saw 8 of its levels.
You also visited: Sewer and Ossuary.

You collected 432 gold pieces.

Inventory:

Hand Weapons
 a - a +0 long sword
 s - a +0 great sword (weapon)
 E - a +4 trident
Armour
 b - a +0 scale mail
 c - a +0 kite shield
 j - a scarf of cloud immunity (worn)
 q - a +0 chain mail
 r - a +0 pair of boots (worn)
 v - a +0 tower shield
 G - a +0 plate armour (worn)
Jewellery
 m - an amulet of faith (around neck)
 w - an uncursed amulet of regeneration
 F - a ring of magical power (left hand)
Wands
 t - a wand of disintegration (12)
 D - a wand of flame (32)
Scrolls
 g - 2 scrolls of fog {unknown}
 h - 4 scrolls of identify
 i - 2 scrolls of blinking {unknown}
 k - 3 scrolls of remove curse
 l - a scroll of enchant armour {unknown}
 o - 2 scrolls of fear {unknown}
 u - a scroll of magic mapping {unknown}
 y - a scroll of amnesia {unknown}
 C - a scroll of immolation {unknown}
 H - a scroll of teleportation
Potions
 d - 2 potions of curing
 e - 2 potions of magic {unknown}
 n - 2 potions of brilliance
 p - a potion of might
 x - a potion of invisibility {unknown}
 z - a potion of heal wounds {unknown}
 A - a potion of experience {unknown}
 B - 2 potions of flight {unknown}
Comestibles
 f - 9 rations


   Skills:
 + Level 7.6 Fighting
 + Level 12.4 Long Blades
 + Level 8.9 Armour
 - Level 0.4 Dodging
 - Level 5.4 Shields
 * Level 3.3 Invocations


You had 9 spell levels left.
You didn't know any spells.
Your spell library was empty.

Dungeon Overview and Level Annotations

Branches:
Dungeon (8/15)             Temple (0/1) D:6           Sewer (visited)
Ossuary (visited)
   Lair: D:8-11

Altars:
Ashenzari
Cheibriados
Fedhas
Kikubaaqudgha
Makhleb
Nemelex Xobeh
Qazlal
Ru
Sif Muna
Trog
Yredelemnul

Shops:
D:4 =:%?   D:8 }

Annotations:
D:8 1 transporter, fly's ghost, journeyman OpIE


Innate Abilities, Weirdness & Mutations

You reflexively headbutt those who attack you in melee.
You have a pair of horns on your head.


Message History

The killer bee is lightly wounded.
* * * LOW HITPOINT WARNING * * *
You feel very sick.
The killer bee stings you but does no damage.
The killer bee stings you!
* * * LOW HITPOINT WARNING * * *
The shadow slips into darkness.
The shadow flickers and vanishes!
Deactivating autopickup; reactivate with Ctrl-A.
* * * LOW HITPOINT WARNING * * *
You feel sick. You block the killer bee's attack.
The killer bee stings you but does no damage.
* * * LOW HITPOINT WARNING * * *
You feel sick. The killer bee stings you.
* * * LOW HITPOINT WARNING * * *
You are more poisoned.
The killer bee poisons you!
You closely miss the killer bee. Your headbutt misses the killer bee.
The killer bee is lightly wounded.
You die...

.. ..# #.......#########.
...... #.#...### #.
............#...# ######
#...#.###.......#####.....
...>........(>...........#
.............(..........
##..##.########.####.<.
#...†#.# #.# ##..
#<..##.y@# #.####..# #.
###.## #.#....## ...##..##
#...####
#......#######..#####
##...#...............
#.....#........#####
##..####.######...###
##... #.# #.#...# #....
##.# #.###.#


You could see a killer bee.

Vanquished Creatures
  A queen bee (D:8)
  Sigmund (D:4)
  A wraith (D:8)
  A phantom (D:7)
  2 necrophages (D:8)
  4 ogres
  2 elf zombies
  3 bullfrogs
  A water moccasin zombie (D:7)
  A wyvern skeleton (D:8)
  5 scorpions
  13 killer bees
  4 wights
  A crimson imp (D:6)
  2 centaur zombies (D:6)
  4 hounds
  8 human zombies
  3 orc priests
  A jelly (D:5)
  5 orc wizards
  4 bullfrog skeletons
  A human skeleton (D:8)
  A hell rat (D:8)
  10 worker ants
  A big kobold zombie (Ossuary)
  2 hound zombies
  A hound skeleton (D:7)
  4 mummies
  3 gnolls (D:4)
  15 adders
  8 river rats (D:8)
  3 oozes
  2 adder skeletons (D:5)
  3 adder zombies (Ossuary)
  A worm (D:2)
  2 dart slugs
  5 leopard geckos
  21 orcs
  5 ball pythons
  4 giant cockroaches
  2 goblins
  8 hobgoblins
  4 jackals (Sewer)
  9 quokkas
  5 bats
  7 frilled lizards
  A giant cockroach zombie (D:5)
  A gnoll zombie (Ossuary)
  6 goblin zombies (Ossuary)
  5 hobgoblin zombies (Ossuary)
  14 kobolds
  3 kobold zombies (Ossuary)
  An orc zombie (Ossuary)
  5 quokka zombies (Ossuary)
  21 rats
  4 rat zombies (Ossuary)
  A plant (Sewer)
256 creatures vanquished.

Notes
Turn   | Place    | Note
-------+----------+-------------------------------------------
     0 | D:1      | placeholdermk1 the Minotaur Fighter began the quest for the
                  | Orb.
     0 | D:1      | Reached XP level 1. HP: 19/19 MP: 0/0
    28 | D:1      | Reached XP level 2. HP: 27/27 MP: 1/1
   689 | D:2      | Reached XP level 3. HP: 33/33 MP: 2/2
   857 | D:2      | Reached skill level 3 in Long Blades
   915 | D:2      | Found a sparkling altar of Nemelex Xobeh.
  1312 | D:3      | Reached XP level 4. HP: 38/40 MP: 3/3
  1706 | D:4      | Found a basalt altar of Yredelemnul.
  1706 | D:4      | Found a blossoming altar of Fedhas.
  1706 | D:4      | Found a snail-covered altar of Cheibriados.
  1706 | D:4      | Found a bloodstained altar of Trog.
  1707 | D:4      | Found a burning altar of Makhleb.
  1712 | D:4      | Reached skill level 4 in Long Blades
  1721 | D:4      | Reached skill level 5 in Shields
  1721 | D:4      | Reached XP level 5. HP: 34/46 MP: 4/4
  1809 | D:4      | Found Yxuecvyf's Jewellery Shop.
  1948 | D:4      | Noticed an ogre
  1959 | D:4      | Noticed Sigmund
  1961 | D:4      | Killed an ogre
  1961 | D:4      | Reached skill level 5 in Armour
  1961 | D:4      | Reached XP level 6. HP: 47/53 MP: 5/5
  1963 | D:4      | Killed Sigmund
  1963 | D:4      | Reached skill level 5 in Long Blades
  1970 | D:4      | Reached skill level 6 in Long Blades
  2042 | D:4      | Found a sacrificial altar of Ru.
  2057 | D:4      | Reached XP level 7. HP: 45/60 MP: 6/6
  2078 | D:4      | Reached skill level 7 in Long Blades
  2078 | D:4      | HP: 3/60 [worker ant (1)]
  2102 | D:4      | Found Levvopn's Food Boutique.
  2216 | D:4      | Found Illux's Magic Scroll Emporium.
  2221 | D:4      | Reached skill level 5 in Fighting
  2222 | D:4      | Found a glowing drain.
  2235 | Sewer    | Entered a sewer
  3089 | D:4      | Found Xyocamue's Book Shop.
  3327 | D:4      | Found Itiph's General Store.
  3514 | D:5      | Entered Level 5 of the Dungeon
  3599 | D:5      | Reached skill level 8 in Long Blades
  3701 | D:5      | Found a shattered altar of Ashenzari.
  3714 | D:5      | Reached XP level 8. HP: 28/69 MP: 7/7
  4522 | D:6      | Found a sand-covered staircase.
  4535 | Ossuary  | Entered an ossuary
  4658 | Ossuary  | Reached skill level 9 in Long Blades
  4875 | D:6      | Found a stormy altar of Qazlal.
  4876 | D:6      | Noticed an air elemental
  4888 | D:6      | Became a worshipper of Qazlal Stormbringer
  4955 | D:6      | Found a staircase to the Ecumenical Temple.
  5083 | D:6      | Reached skill level 10 in Long Blades
  5575 | D:7      | Reached XP level 9. HP: 57/78 MP: 8/8
  5578 | D:7      | Reached * piety under Qazlal
  5897 | D:7      | Found a shimmering blue altar of Sif Muna.
  5943 | D:7      | Reached skill level 11 in Long Blades
  6083 | D:8      | Reached skill level 1 in Invocations
  6109 | D:8      | Noticed a queen bee
  6305 | D:8      | Killed a queen bee
  6664 | D:8      | Found a sacrificial altar of Ru.
  6743 | D:8      | Reached ** piety under Qazlal
  6937 | D:8      | Found Vanwaune's Gadget Emporium.
  6993 | D:8      | Reached skill level 12 in Long Blades
  7104 | D:8      | Noticed fly's ghost (journeyman OpIE)
  7172 | D:8      | Reached *** piety under Qazlal
  7182 | D:8      | Found an ancient bone altar of Kikubaaqudgha.
  7195 | D:8      | Reached XP level 10. HP: 85/86 MP: 11/11
  7264 | D:8      | Found a transporter.
  7313 | D:8      | HP: 2/86 [killer bee (6)]
  7314 | D:8      | Succumbed to a killer bee's poison

Levels and vault maps discovered:
D:1:      wander_arrival_lonely_grave, layout_rooms
D:2:      layout_loops_corners, nemelex_xobeh_ov_fountains_minmay
D:3:      layout_loops_ring
D:4:      layout_loops_ring, nicolae_ru_path_of_blood,
          grunt_temple_overflow_open, serial_shops, shop,
          nicolae_shop_waterfront, nicolae_shop_waterfront, shop, shop,
          cheibrodos_sewer_entry_drain, uniq_sigmund
D:5:      layout_basic, ashenzari_altar_1, first_ration
D:6:      layout_loops_ring, minmay_temple_entry_antechambers,
          lightli_ossuary_entry_decrepit_ruins, nicolae_qazlal_style_of_elements
D:7:      layout_cave_pools, basic_altar
D:8:      lemuel_ratsnest, layout_rooms, nicolae_overflow_hidden_temple,
          lemuel_mausoleum_altar_kikubaaqudgha, serial_shops, shop_fountains,
          gammafunk_ghost_abyssal_escape, basic_altar, david_nohive_1,
          roderic_roman_lattice

Skill      XL: |  1  2  3  4  5  6  7  8  9 |
---------------+----------------------------+-----
Shields        | 4 5 |  5.4
Fighting       | 4 5 6 7 |  7.6
Armour         | 4 5 6 7 8 |  8.9
Long Blades    | 3 4 6 8 10 12 | 12.4
Invocations    | 3 |  3.3
Dodging        | |  0.4

Action                   |  1- 3 |  4- 6 |  7- 9 | 10-12 || total
-------------------------+-------+-------+-------+-------++-------
Melee: Long sword        |    84 |    67 |       |       ||   151
       Headbutt          |     8 |    12 |    91 |     3 ||   114
       Great sword       |       |    17 |   477 |    31 ||   525
Invok: Upheaval          |       |       |     1 |       ||     1
  Use: Potion            |       |       |     7 |       ||     7
       Scroll            |       |       |     3 |       ||     3
  Eat: Chunk             |     1 |     3 |    11 |       ||    15
       Ration            |       |       |     2 |       ||     2
Armor: Scale mail        |    40 |    32 |    38 |       ||   110
       Chain mail        |       |       |   112 |       ||   112
       Plate armour      |       |       |   128 |    35 ||   163
Dodge: Dodged            |    27 |    25 |   228 |    18 ||   298
Block: Kite shield       |    38 |    38 |       |       ||    76
       Other             |       |       |    11 |     8 ||    19
       Rpst.: Long sword |     5 |     3 |       |       ||     8
       Great sword       |       |     3 |    58 |    11 ||    72

Table legend:
 A = Non-vault XP
 B = Vault XP
 C = Vault XP percentage of total XP
 D = Non-vault monster count
 E = Vault monster count
 F = Vault count percentage of total count
                 A         B        C        D         E       F
            +---------+---------+-------+---------+---------+-------
      Total |    3062 |    2870 |  48.4 |     133 |     122 |  47.8
            +---------+---------+-------+---------+---------+-------
        D:1 |      18 |       0 |   0.0 |       8 |       0 |   0.0
        D:2 |      54 |       0 |   0.0 |      15 |       0 |   0.0
        D:3 |     110 |       0 |   0.0 |      25 |       0 |   0.0
        D:4 |     715 |     223 |  23.8 |      21 |       3 |  12.5
        D:5 |     552 |       0 |   0.0 |      21 |       0 |   0.0
        D:6 |     440 |       0 |   0.0 |      13 |       0 |   0.0
        D:7 |     746 |      63 |   7.8 |      17 |       1 |   5.6
        D:8 |     427 |    2145 |  83.4 |      13 |      57 |  81.4
      Sewer |       0 |      68 | 100.0 |       0 |      24 | 100.0
    Ossuary |       0 |     371 | 100.0 |       0 |      37 | 100.0
            +---------+---------+-------+---------+---------+-------
